 Dungeon Crawl Stone Soup version 0.31-a0-345-g1ebeae05c6 (webtiles) character file.

Game seed: 2485944453756462565

377 Dordric the Changeling (level 6, -1/22 (29) HPs)
             Began as a Deep Elf Shapeshifter on July 22, 2023.
             Was a Follower of Ru.
             Shot with an arrow by a centaur (2 damage)
             ... on level 5 of the Dungeon on July 23, 2023.
             The game lasted 00:04:48 (3466 turns).

Dordric the Changeling (Deep Elf Shapeshifter)      Turns: 3466, Time: 00:04:48

HP:   -1/22 (29)    AC:  2    Str: 15    XL:     6   Next: 45%
MP:   8/8           EV: 13    Int: 11    God:    Ru [*.....]
Gold: 254           SH:  0    Dex: 20    Spells: 5/5 levels left

rFire   . . .        w - +1 orcbow (heavy)
rCold   . . .        (shield currently unavailable)
rNeg    . . .        a - +0 animal skin
rPois   .            (helmet currently unavailable)
rElec   .            (cloak currently unavailable)
rCorr   .            (gloves currently unavailable)
SInv    .            m - melded +0 pair of boots
Will    .....        n - amulet of regeneration
Stlth   ++           (no ring)
HPRegen 1.03/turn    (no ring)
MPRegen 0.11/turn

%: no passive effects
@: beast-form, heavily drained
A: beast (slay +4), frail 1, agile 1, strong 1
a: Begin Untransformation, Renounce Religion


You were on level 5 of the Dungeon.
You worshipped Ru.
Ru was aware of your devotion.
You were a hulking beast.
You visited 1 branch of the dungeon, and saw 5 of its levels.

You collected 254 gold pieces.

Inventory:

Hand Weapons
 s - a +0 sling
 t - the +10 spear of Painful Death {heavy, rPois Dex+6 Stlth-}
   (You found it on level 2 of the Dungeon)

   Dex:       It affects your dexterity (+6).
   rPois:     It protects you from poison.
   Stlth:     It makes you less stealthy.
 w - a +1 heavy orcbow (weapon)
Armour
 a - a +0 animal skin (worn)
 m - a +0 pair of boots (melded)
 r - a +0 pair of gloves
Jewellery
 n - an amulet of regeneration (around neck)
 v - a ring of flight
 y - an amulet of guardian spirit
Talismans
 c - a beast talisman
Scrolls
 d - 6 scrolls of identify {unknown}
 i - 2 scrolls of enchant armour {unknown}
 j - a scroll of immolation {unknown}
 p - a scroll of vulnerability {unknown}
 q - 2 scrolls of revelation {unknown}
 x - a scroll of brand weapon {unknown}
Potions
 b - 2 potions of lignification
 e - 3 potions of mutation
 f - 2 potions of degeneration {unknown}
 g - a potion of haste {unknown}
 h - a potion of curing
 k - a potion of enlightenment {unknown}
 l - a potion of brilliance {unknown}
 o - 2 potions of heal wounds {unknown}
 u - a potion of attraction {unknown}


   Skills:
 - Level 0.9 Fighting
 + Level 5.2 Ranged Weapons
 - Level 2.5 Dodging
 - Level 2.4 Unarmed Combat
 + Level 5.7 Shapeshifting


You had 5 spell levels left.
You didn't know any spells.
Your spell library contained the following spells:

 Spells                   Type           Power      Damage    Failure   Level
 Apportation              Tloc           0%         N/A       34%         1
 Magic Dart               Conj           0%         1d3       34%         1
 Necrotise                Necr           0%         1d4       34%         1
 Summon Small Mammal      Summ           0%         N/A       34%         1
 Blink                    Tloc           0%         N/A       47%         2
 Call Imp                 Summ           0%         N/A       47%         2
 Lesser Beckoning         Tloc           0%         N/A       47%         2
 Momentum Strike          Conj/Tloc      0%         3d8       47%         2
 Mephitic Cloud           Conj/Pois/Air  0%         N/A       71%         3


Dungeon Overview and Level Annotations

Branches:
Dungeon (5/15)
 Temple: D:4-7

Altars:
Ru
Wu Jian


Innate Abilities, Weirdness & Mutations

You are a hulking beast.
Your limbs bulge with bestial killing power. (Slay +4)
You are frail. (-10% HP)
You are agile. (Dex +4, Str/Int -1)
Your muscles are strong. (Str +4, Int/Dex -1)


Message History

You kill the ufetubus!
No target in view!
No target in view!
You now have 254 gold pieces (gained 15).
A centaur comes into view.
Found a scroll labelled TOWIEDA TAOQUTH.
A centaur is nearby!
A centaur is nearby!
You shoot an arrow. The arrow hits the centaur!
The centaur shouts!
The centaur is moderately wounded.
The centaur wields a +1 orcbow of draining.
You sense an unholy aura.
The centaur shoots an arrow.
The arrow hits you!
You feel drained.
The centaur shoots an arrow.
The arrow closely misses you.
You shoot an arrow. The arrow hits the centaur.
The centaur is heavily wounded.
The centaur shoots an arrow.
The arrow closely misses you.
The centaur shoots an arrow.
The arrow hits you!
You feel drained.
You are too injured to fight recklessly!
You are too injured to fight recklessly!
You are too injured to fight recklessly!
You are too injured to fight recklessly!
You are too injured to fight recklessly!
You are too injured to fight recklessly!
You are too injured to fight recklessly!
You are too injured to fight recklessly!
You are too injured to fight recklessly!
You are too injured to fight recklessly!
You are too injured to fight recklessly!
It was a potion of mutation.
You feel extremely strange.
You feel stronger.
You feel agile.
The centaur shoots an arrow.
The arrow hits you.
* * * LOW HITPOINT WARNING * * *
You feel drained.
* * * LOW HITPOINT WARNING * * *
It was a potion of curing.
You feel better.
The centaur shoots an arrow.
The arrow hits you!
* * * LOW HITPOINT WARNING * * *
You feel drained.
You die...

.. ?.. ...#
#...#######
#.........##
...........#
...........#
.......h...##
..c.........#
............#
............##
.............#
.............#####
..................
##................
###..............


You could see a centaur.

Vanquished Creatures
  2 orc priests
  A hound (D:4)
  An iguana (D:4)
  An orc wizard (D:3)
  Natasha (thrice) (D:3)
  3 adders
  A white imp (D:5)
  2 ufetubi
  3 dart slugs
  3 worms
  16 orcs
  4 ball pythons
  7 bats
  6 endoplasms
  4 giant cockroaches
  12 goblins
  7 hobgoblins
  3 frilled lizards
  10 kobolds
  8 rats
97 creatures vanquished.

Notes
Turn   | Place    | Note
-------+----------+-------------------------------------------
     0 | D:1      | Dordric the Deep Elf Shapeshifter began the quest for the
                  | Orb.
     0 | D:1      | Reached XP level 1. HP: 11/11 MP: 3/3
   348 | D:1      | Reached XP level 2. HP: 15/16 MP: 4/4
  1421 | D:2      | Reached XP level 3. HP: 20/20 MP: 5/5
  1720 | D:2      | Identified the +10 spear of Painful Death {heavy, rPois
                  | Dex+6 Stlth-}
  1753 | D:2      | Reached skill level 1 in Ranged Weapons
  1861 | D:2      | Found a faded altar of an unknown god.
  2095 | D:3      | Reached XP level 4. HP: 24/24 MP: 6/6
  2115 | D:3      | HP: 1/24 [orc priest/divine providence (13)]
  2178 | D:3      | Reached XP level 5. HP: 28/28 MP: 7/7
  2182 | D:3      | Found a sacrificial altar of Ru.
  2223 | D:3      | Reached skill level 5 in Shapeshifting
  2333 | D:3      | Noticed Natasha
  2337 | D:3      | Killed Natasha
  2370 | D:3      | Became a worshipper of Ru the Awakened
  2394 | D:3      | Noticed Natasha
  2397 | D:3      | Killed Natasha
  2405 | D:3      | Noticed Natasha
  2418 | D:3      | Killed Natasha
  2734 | D:4      | Reached XP level 6. HP: 33/33 MP: 8/8
  2827 | D:4      | Found an ornate altar of the Wu Jian Council.
  3055 | D:4      | Reached skill level 5 in Ranged Weapons
  3241 | D:4      | Gained mutation: You are frail. (-10% HP) [Ru sacrifice]
  3241 | D:4      | Reached * piety under Ru
  3428 | D:5      | Entered Level 5 of the Dungeon
  3465 | D:5      | Gained mutation: Your muscles are strong. (Str +4, Int/Dex
                  | -1) [potion of mutation]
  3465 | D:5      | Gained mutation: You are agile. (Dex +4, Str/Int -1)
                  | [potion of mutation]
  3466 | D:5      | HP: 1/24 [centaur/arrow (9)]
  3466 | D:5      | Shot with an arrow by a centaur

Illustrated notes

Levels and vault maps discovered:
D:1:      dpeg_arrival_subterranean_lakeside_camping, layout_basic
D:2:      layout_basic, dreamdust_ecumenical_altar_angels_and_demons,
          minmay_heptomino_d4
D:3:      layout_rooms, mainiacjoe_overflow_alcove_2, uniq_natasha
D:4:      layout_gridville, pdpol_wu_jian_five_deadly_venoms, serial_bayou,
          serial_bayou_pond_e, serial_bayou_pond_d, serial_bayou_ford_a,
          serial_bayou_shore_a, serial_bayou_lake_a, serial_bayou_pond_a,
          hangedman_decor_peaks_small
D:5:      layout_cave_pods, minmay_temple_entry_trees,
          ebering_ghost_disaster_area, uniq_edmund

Skill      XL: |  1  2  3  4  5  6 |
---------------+-------------------+-----
Shapeshifting  | 4 5 |  5.7
Ranged Weapons | 1 3 4 5 |  5.2
Fighting       | |  0.9
Dodging        | |  2.5
Unarmed Combat | |  2.4

Action                     |  1- 3 |  4- 6 || total
---------------------------+-------+-------++-------
  Melee: Unarmed           |    67 |       ||    67
         Punch             |     2 |     3 ||     5
         Spear             |     9 |    79 ||    88
   Fire: Sling             |    25 |     4 ||    29
         Orcbow            |       |    22 ||    22
 Invoke: Sacrifice Health  |       |     1 ||     1
    Use: Potion            |       |     2 ||     2
   Stab: Sleeping          |     3 |       ||     3
 Armour: Animal skin       |     9 |     7 ||    16
  Dodge: Dodged            |    39 |    70 ||   109
         Form:             |     1 |       ||     1
         Beast             |     1 |       ||     1

Table legend: (Time is in decaauts)
 A = Elapsed time spent in this place.
 B = Non-inter-level travel time spent in this place.
 C = Inter-level travel time spent in this place.
 D = Time resting spent in this place.
 E = Time spent auto-exploring this place.
 F = Levels seen in this place.
 G = Mean time per level.
                   A        B        C        D        E       F      G
               +--------+--------+--------+--------+--------+-----+--------+
         Total |   3597 |   3472 |    125 |     94 |   2749 |   5 |  719.4 |
       Dungeon |   3597 |   3472 |    125 |     94 |   2749 |   5 |  719.4 |
               +--------+--------+--------+--------+--------+-----+--------+

Top non-repeatable levels by time:
     D:1: 1227 daAuts
     D:2: 887 daAuts
     D:4: 769 daAuts
     D:3: 670 daAuts
     D:5: 41 daAuts
